Map: Ley Lines

Players

Vaisravana

  • Race: Protoss Protoss
  • Spawn Location: 1:00

A.I. 1 (Very Easy) - Winner!

  • Race: Zerg Zerg
  • Spawn Location: 7:00

VOD

Have the link to the VOD?

Description

Time

  • Played on: Nov. 5, 2025, 8:04 a.m.
  • Length: 6:18
Show
View Real Time Build Order
Export as new Build Order

Vaisravana Protoss 

Build Orders: 1 Gate Expand, Colossus Rush 

Get SALT Encoding   

  12  0:00  Probe  
  13  0:12  Probe  
  14  0:18  Pylon  
  14  0:24  Probe  
  15  0:34  Probe  
  15  0:38  Gateway  
  15  0:42  Probe  
  16  0:48  Assimilator  
  17  0:51  Probe  
  18  1:03  Probe  
  19  1:15  Probe  
  20  1:26  Nexus  
  20  1:37  Cybernetics Core  
  21  1:40  Probe  
  21  1:46  Assimilator  
  21  1:52  Probe  
  22  1:56  Pylon  
  22  2:03  Stalker  
  22  2:05  Probe  
  25  2:16  Warp Gate  
  25  2:17  Probe  
  26  2:27  Robotics Facility  
  26  2:28  Probe  
  27  2:34  Adept, Probe  
  29  2:37  Probe  
  29  2:42  Probe  
  31  2:45  Probe  
  33  2:52  Probe  
  33  2:58  Probe  
  34  3:03  Gateway  
  34  3:04  Probe  
  36  3:06  Adept  
  36  3:11  Probe  
  39  3:14  Observer  
  39  3:16  Probe  
  41  3:21  Robotics Bay  
  41  3:24  Probe  
  42  3:28  Probe  
  42  3:31  Assimilator  
  42  3:32  Warp Prism  
  42  3:33  Pylon  
  45  3:43  Probe  
  46  3:51  Probe  
  47  3:57  Pylon  
  47  3:58  Probe  
  47  4:01  Colossus  
  49  4:10  Extended Thermal Lance  
  49  4:15  Probe x2  
  56  4:19  Stalker  
  58  4:27  Probe  
  58  4:29  Pylon  
  59  4:34  Gateway  
  59  4:36  Gateway  
  59  4:37  Colossus  
  59  4:42  Gateway  
  59  4:43  Gateway  
  65  5:02  Gateway  
  65  5:05  Pylon  
  65  5:06  Sentry x2  
  69  5:16  Pylon  
  69  5:17  Pylon  
  69  5:30  Stalker x4  
  77  5:40  Stalker  
  77  5:41  Pylon  
  79  5:45  Stalker  
  79  5:47  Pylon  
  79  5:49  Pylon  
  81  5:54  Stalker  
  81  5:55  Stalker  
  81  5:56  Zealot  
  87  5:58  Zealot  
  89  6:14  Stalker x3  
Show
View Real Time Build Order
Export as new Build Order

A.I. 1 (Very Easy) Zerg - Winner!

Build Orders: Pool Only 

Get SALT Encoding   

  12  0:01  Drone  
  13  0:12  Overlord  
  13  0:17  Drone  
  14  0:34  Spawning Pool  
  13  0:37  Drone  
  13  0:41  Extractor  
  13  0:44  Drone  
  14  0:51  Overlord  
  14  1:22  Zergling x2  
  14  1:23  Queen  
  17  1:31  Roach Warren  
  16  1:32  Extractor  
  16  1:37  Drone  
  16  1:44  Drone  
  17  1:48  Zergling x2  
  18  2:03  Drone  
  19  2:10  Drone  
  19  2:15  Zergling x2  
  21  2:19  Drone  
  22  2:29  Overlord  
  22  2:32  Drone  
  23  2:40  Drone  
  23  2:41  Roach  
  26  2:47  Drone  
Tags
 
Add a new tag
Caveats
  • Supply blocks, unpowered buildings, or Contaminate may cause inaccurate times.
  • Supply counts are checked every 10 seconds.